 Dungeon Crawl Stone Soup version 0.31-a0-1522-g43313d8a59 (webtiles) character file.

Game seed: 5006353523818794505

1542226 lugworm the Conqueror (level 27, 336/336 HPs)
             Began as an Octopode Shapeshifter on Dec 30, 2023.
             Was an Initiate of Gozag.
             Escaped with the Orb
             ... and 3 runes on Dec 31, 2023!
             The game lasted 03:07:35 (92768 turns).

lugworm the Conqueror (Octopode Shapeshifter)      Turns: 92768, Time: 03:07:36

Health: 336/336    AC: 30    Str: 37    XL:     27
Magic:  18/18      EV: 29    Int: 22    God:    Gozag
Gold:   9375       SH:  5    Dex: 16    Spells: 26/26 levels left

rFire   + + +        g - melded +4 dagger (venom)
rCold   + + .        (shield currently unavailable)
rNeg    + + +        (helmet currently unavailable)
rPois   +            C - amulet of Lucidity {Reflect Will++ SH+5 Stlth+}
rElec   +            O - ring "Urriti" {rC+ Int+6 Dex+3}
rCorr   .            s - ring "Gexekleg" {rF- rN+++ Will+ Str+6 Int+3}
SInv    +            x - ring of protection from cold
Will    +++++        q - ring "Okhuot" {rF+ rC+ Will+ AC+4}
Stlth   +++          G - +5 ring of evasion
HPRegen 0.76/turn    p - +5 ring of evasion
MPRegen 0.16/turn    f - ring of the Tortoise {AC+8}
                     a - ring of Maimi {rElec rF+ Dex-4 SInv}

%: reflection
@: dragon-form, gold aura, flying, studying Axes
A: dragon claw, dragon scales, breathe fire, flying, boosted hp, almost no
armour, amphibious, 8 rings, giant, (camouflage 1), (gelatinous body 1), (nimble
swimmer 1), (tentacles), (fire resistance 1), low MP 2, devolution 1
0: Orb of Zot
}: 3/15 runes: decaying, silver, gossamer
a: Breathe Fire, Begin Untransformation, Renounce Religion, Potion Petition,
Call Merchant, Bribe Branch


You escaped.
You worshipped Gozag.
Gozag was greatly pleased with you.
You were a fearsome dragon!
You visited 12 branches of the dungeon, and saw 52 of its levels.
You visited the Abyss 1 time.
You also visited: Gauntlet and Wizlab.

You collected 35381 gold pieces.
You spent 5051 gold pieces at shops.
You paid 20955 gold pieces to Gozag.

Inventory:

Hand Weapons
 g - a +4 dagger of venom (melded)
Jewellery
 a - the ring of Maimi (on tentacle) {rElec rF+ Dex-4 SInv}
   (You found it in a Gauntlet)

   [ring of see invisible]

   Dex-4:     It affects your dexterity (-4).
   rF+:       It protects you from fire.
   rElec:     It insulates you from electricity.
   SInv:      It lets you see invisible.
 f - the ring of the Tortoise (on tentacle) {AC+8}
   (You found it on level 1 of the Depths)

   [ring of protection]

   AC+8:      It affects your AC (+8).
 n - a ring of wizardry
 p - a +5 ring of evasion (on tentacle)
 q - the ring "Okhuot" (on tentacle) {rF+ rC+ Will+ AC+4}
   (You found it on level 1 of the Abyss)

   [ring of protection]

   AC+4:      It affects your AC (+4).
   rF+:       It protects you from fire.
   rC+:       It protects you from cold.
   Will+:     It increases your willpower.
 s - the ring "Gexekleg" (right foreclaw) {rF- rN+++ Will+ Str+6 Int+3}
   (You took it off a tengu reaver on level 5 of the Vaults)

   [ring of strength]

   Str+6:     It affects your strength (+6).
   Int+3:     It affects your intelligence (+3).
   rF-:       It makes you vulnerable to fire.
   rN+++:     It renders you almost immune to negative energy.
   Will+:     It increases your willpower.
 x - a ring of protection from cold (on tentacle)
 y - a +5 ring of evasion
 C - the amulet of Lucidity (around neck) {Reflect Will++ SH+5 Stlth+}
   (You bought it in a shop on level 3 of the Vaults)

   [amulet of reflection]

   Reflect:   It reflects blocked missile attacks.
   Will++:    It greatly increases your willpower.
   SH+5:      It affects your SH (+5).
   Stlth+:    It makes you more stealthy.
 D - the ring "Aneag" {^Drain rN+ Will+ MP+9 Dex+2}
   (You bought it in a shop on level 3 of the Vaults)

   [ring of magical power]

   Dex+2:     It affects your dexterity (+2).
   rN+:       It protects you from negative energy.
   Will+:     It increases your willpower.
   MP+9:      It affects your magic capacity (+9).
   ^Drain:    It drains your maximum health when unequipped.
 G - a +5 ring of evasion (on tentacle)
 O - the ring "Urriti" (left foreclaw) {rC+ Int+6 Dex+3}
   (You found it on level 2 of the Depths)

   [ring of intelligence]

   Int+6:     It affects your intelligence (+6).
   Dex+3:     It affects your dexterity (+3).
   rC+:       It protects you from cold.
 Q - the ring "Hepnomik" {rPois AC+4}
   (You took it off a deep elf sorcerer on level 3 of the Elven Halls)

   [ring of protection]

   AC+4:      It affects your AC (+4).
   rPois:     It protects you from poison
 W - the amulet "Xiqiorpheol" {Faith Dex+3}
   (You found it on level 3 of the Crypt)

   [amulet of faith]

   Faith:     It allows you to gain divine favour quickly.
   Dex+3:     It affects your dexterity (+3).
 X - the macabre finger necklace {Finger+ rN+}
   (You found it on level 1 of the Spider Nest)

   [amulet of nothing]

   Finger+:   It enables you to equip an extra ring.
   rN+:       It protects you from negative energy.
Talismans
 k - the death talisman of the Tick {rF+ Int+3 Dex+2}
   (You found it on level 4 of the Spider Nest)

   [talisman of death]

   Int+3:     It affects your intelligence (+3).
   Dex+2:     It affects your dexterity (+2).
   rF+:       It protects you from fire.
 t - a dragon-blood talisman (active)
Wands
 j - a wand of light (39)
 l - a wand of iceblast (58)
 v - a wand of mindburst (39)
 w - a wand of polymorph (18)
 E - a wand of flame (120)
 I - a wand of digging (5)
 J - a wand of paralysis (50)
Scrolls
 b - 4 scrolls of vulnerability
 c - a scroll of blinking
 d - 2 scrolls of enchant armour
 h - 3 scrolls of poison
 u - a scroll of immolation
 z - 4 scrolls of revelation
 A - a scroll of enchant weapon
 H - 7 scrolls of fog
 L - 11 scrolls of teleportation
 P - 4 scrolls of fear
 S - 3 scrolls of silence
 Y - 11 scrolls of identify
 Z - 5 scrolls of butterflies
Potions
 e - 5 potions of cancellation
 i - 8 potions of enlightenment
 m - 9 potions of ambrosia
 o - 9 potions of brilliance
 r - a potion of berserk rage
 B - 3 potions of magic
 F - 2 potions of attraction
 M - 7 potions of lignification
 N - 2 potions of resistance
 R - 11 potions of curing
 T - 4 potions of might
 U - a potion of invisibility
 V - 2 potions of haste


   Skills:
 O Level 27 Fighting
 - Level 2.8(3.6) Short Blades
 - Level 3.4(4.0) Long Blades
 + Level 21.9 Dodging
 - Level 14.3 Stealth
 O Level 27 Unarmed Combat
 O Level 27 Shapeshifting


You had 26 spell levels left.
You didn't know any spells.
Your spell library contained the following spells:

 Spells                   Type           Power      Damage    Failure   Level
 Apportation              Tloc           0%         N/A       17%         1
 Freeze                   Ice            0%         1d3       17%         1
 Kiss of Death            Conj/Necr      0%         2d5       17%         1
 Magic Dart               Conj           0%         1d3       17%         1
 Necrotise                Necr           0%         1d4       17%         1
 Slow                     Hex            0%         N/A       17%         1
 Blink                    Tloc           0%         N/A       26%         2
 Call Imp                 Summ           0%         N/A       26%         2
 Cigotuvi's Dreadful Rot  Necr/Alch/Air  0%         N/A       26%         2
 Ensorcelled Hibernation  Hex/Ice        0%         N/A       26%         2
 Jinxbite                 Hex            0%         N/A       26%         2
 Lesser Beckoning         Tloc           0%         N/A       26%         2
 Mercury Vapours          Alch/Air       0%         N/A       26%         2
 Momentum Strike          Conj/Tloc      0%         3d8       26%         2
 Static Discharge         Conj/Air       0%         3-3/arc   26%         2
 Sublimation of Blood     Necr           0%         N/A       26%         2
 Call Canine Familiar     Summ           0%         N/A       45%         3
 Confusing Touch          Hex            0%         N/A       45%         3
 Dazzling Flash           Conj/Hex       0%         N/A       45%         3
 Frozen Ramparts          Ice            0%         1d1       45%         3
 Fugue of the Fallen      Necr           0%         N/A       45%         3
 Gell's Gravitas          Tloc           0%         N/A       45%         3
 Hailstorm                Conj/Ice       0%         3d5       45%         3
 Inner Flame              Hex/Fire       0%         N/A       45%         3
 Mephitic Cloud           Conj/Alch/Air  0%         N/A       45%         3
 Sigil of Binding         Hex            0%         N/A       45%         3
 Stone Arrow              Conj/Erth      0%         3d7       45%         3
 Summon Ice Beast         Ice/Summ       0%         N/A       45%         3
 Teleport Other           Tloc           0%         N/A       45%         3
 Vampiric Draining        Necr           0%         2d6       45%         3
 Volatile Blastmotes      Fire/Tloc      0%         2d10      45%         3
 Airstrike                Air            0%         2d(0-16)  86%         4
 Anguish                  Hex/Necr       0%         N/A       86%         4
 Brom's Barrelling Bould  Conj/Erth      0%         2d3       86%         4
 Dimensional Bullseye     Hex/Tloc       0%         N/A       86%         4
 Dispel Undead            Necr           0%         3d6       86%         4
 Flame Wave               Conj/Fire      0%         2d4       86%         4
 Ignite Poison            Fire/Alch      0%         N/A       86%         4
 Iskenderun's Mystic Bla  Conj/Tloc      0%         2d3       86%         4
 Manifold Assault         Tloc           0%         N/A       86%         4
 Martyr's Knell           Necr/Summ      0%         N/A       86%         4
 Olgreb's Toxic Radiance  Alch           0%         N/A       86%         4
 Sticky Flame             Fire/Alch      0%         2d4       86%         4
 Summon Lightning Spire   Summ/Air       0%         N/A       86%         4
 Alistair's Intoxication  Alch           0%         N/A       99%         5
 Curse of Agony           Necr           0%         N/A       99%         5
 Fireball                 Conj/Fire      0%         3d3       99%         5
 Freezing Cloud           Conj/Ice/Air   0%         6-21      99%         5
 Silence                  Hex/Air        0%         N/A       99%         5
 Summon Forest            Summ/Tloc      0%         N/A       99%         5
 Summon Mana Viper        Hex/Summ       0%         N/A       99%         5
 Death Channel            Necr           0%         N/A       100%        6
 Dispersal                Tloc           0%         N/A       100%        6
 Eringya's Noxious Bog    Alch           0%         4d6       100%        6
 Starburst                Conj/Fire      0%         6d3       100%        6
 Haunt                    Necr/Summ      0%         N/A       100%        7
 Malign Gateway           Summ/Tloc      0%         N/A       100%        7
 Ozocubu's Refrigeration  Ice            0%         4d7       100%        7
 Summon Hydra             Summ           0%         N/A       100%        7
 Borgnjor's Revivificati  Necr           0%         N/A       100%        8
 Discord                  Hex            0%         N/A       100%        8
 Disjunction              Tloc           0%         N/A       100%        8
 Ignition                 Fire           0%         3d3       100%        8
 Infestation              Necr           0%         N/A       100%        8
 Lehudib's Crystal Spear  Conj/Erth      0%         10d2      100%        8
 Maxwell's Capacitive Co  Air            0%         ∞         100%        8
 Death's Door             Necr           0%         N/A       100%        9
 Dragon's Call            Summ           0%         N/A       100%        9
 Animate Armour           Summ/Erth      Unusable   N/A       N/A         4
 Sculpt Simulacrum        Ice/Alch       Unusable   N/A       N/A         6

Dungeon Overview and Level Annotations

Branches:
Dungeon (15/15)            Temple (1/1) D:5            Lair (5/5) D:10
  Swamp (4/4) Lair:3       Spider (4/4) Lair:2        Slime (0/5) Lair:5
    Orc (2/2) D:10            Elf (3/3) Orc:2        Vaults (5/5) D:14
  Crypt (3/3) Vaults:3       Tomb (0/3) Crypt:3      Depths (4/4) D:15
   Hell (visited)             Dis (0/7) Hell            Geh (0/7) Hell
    Coc (0/7) Hell            Tar (0/7) Hell            Zot (5/5) Depths:4
 WizLab (visited)         Gauntlet (visited)

Altars:
Ashenzari
Cheibriados
Dithmenos
Elyvilon
Fedhas
Gozag
Hepliaklqana
Kikubaaqudgha
Makhleb
Nemelex Xobeh
Okawaru
Qazlal
Ru
Sif Muna
Trog
Uskayaw
Vehumet
Wu Jian
Xom
Yredelemnul
Zin
The Shining One
Jiyva

Shops:
D:7 =   D:15 (   Orc:2 ???=:*   Elf:1 (   Elf:3 =   Swamp:4 *!   Vaults:3 [=
Vaults:5 *   Depths:1 =   Depths:2 ?!*   Depths:3 *

Portals:
Hell: Depths:1 Depths:2 Depths:3 Depths:4
Abyss: Depths:1 Depths:2 Depths:3
Pandemonium: Depths:2 Depths:3
Ziggurat: Depths:2
Trove: Elf:1 (give 4 scrolls of blinking)

Annotations:
D:3 1 runed translucent door, Crazy Yiuf
D:5 2 transporters, Raspi's ghost, novice TrSh
D:12 2 transporters, 3 runed translucent doors, Flugkiller's ghost, journeyman OnCK
Lair:4 exclusion: oklob plant
Depths:1 exclusion: obsidian statue
Depths:2 2 transporters
Zot:4 4 transporters


Innate Abilities, Weirdness & Mutations

You are a fearsome dragon!
You have a powerful clawing attack.
Your giant scaled body is strong and resilient, but less evasive.
You can breathe fire.
You are flying.
Your maximum health is greatly increased.
Your armour is entirely melded.
You are incapable of wielding weapons or throwing items.
You cannot wear most types of armour.
You are amphibious.
You can wear up to eight rings at the same time.
((Your skin changes colour to match your surroundings (Stealth+).))
((Your rubbery body absorbs attacks. (AC +1, EV +1)))
((You are camouflaged when in or above water. (Stealth+)))
((You have tentacles for arms and can constrict up to eight enemies at once.))
((Your flesh is heat resistant. (rF+)))
Your magical capacity is very low. (-20% MP)
You have hidden genetic defects.


Message History

There is a stone staircase leading up here.
You fly upwards.
Level annotation: 1 runed translucent door, Crazy Yiuf
There is a stone staircase leading down here.
A hellion comes into view.
You maul the hellion!!!!
You kill the hellion!
No target in view!
No target in view!
Things that are here:
a +0 helmet; a +0 animal skin; a +5 club
There is a stone staircase leading up, spattered with blood here.
You fly upwards.
There is a stone staircase leading down, spattered with blood here.
There is a stone staircase leading up here.
You fly upwards.
There is a stone staircase leading down here.
An efreet comes into view.
It is wielding a +3 scimitar of flaming.
The efreet closely misses you.
You maul the efreet!!!!
You kill the efreet!
No target in view!
No target in view!
A sun demon comes into view.
The sun demon is distracted by your dazzling golden aura.
The sun demon shouts!
You bite the sun demon!!
The sun demon is no longer distracted by gold.
You tail-slap the sun demon! You claw the sun demon!
You kill the sun demon!
No target in view!
No target in view!
There is an open door here.
An Orb Guardian comes into view.
You maul the Orb Guardian!!!!
You kill the Orb Guardian!
No target in view!
You now have 9375 gold pieces (gained 22).
There is a staircase leading out of the dungeon here.
You have escaped!

##### ######.D.######
###.............###
####.................#####
#..'.................'...#
#.##.................###.#
#.####.............### #.#
##.# ###.........### #.# #
#..# ###.....### #.#
####.## ###.........###
#.# #


There were no monsters in sight!

Vanquished Creatures
  9 ancient liches
  4 dread liches
  2 orbs of fire (Zot:5)
  A juggernaut (Depths:2)
  Sojobo (Depths:2)
  Josephina (Depths:2)
  Vv (Depths:2)
  3 Killer Klowns (Zot:5)
  2 antique champions (WizLab)
  Parghit (Depths:4)
  Bai Suzhen (Spider:4)
  4 curse toes
  Geryon (Hell)
  5 golden dragons
  5 bone dragons
  Arachne (Spider:2)
  2 Tzitzimimeh
  A Brimstone Fiend (Depths:1)
  2 doom hounds (Crypt:2)
  7 electric golems
  16 tentacled monstrosities
  28 Orb Guardians
  Grunn (Crypt:2)
  A Hell Sentinel (Depths:2)
  20 liches
  5 sphinxes
  Asterion (Spider:2)
  2 deep elf blademasters
  5 titans (Vaults:5)
  11 quicksilver dragons
  A shard shrike skeleton (Abyss:3)
  3 Executioners
  8 shadow dragons
  6 ancient champions
  Frances (Spider:2)
  26 tentacled starspawn
  10 tengu reavers
  A deep elf master archer (Elf:3)
  4 death cobs
  Roxanne (Elf:1)
  2 revenants (Abyss:1)
  Kirke (D:15)
  17 storm dragons
  Aizul (Swamp:3)
  5 protean progenitors
  6 draconian monks
  7 fire giants
  5 draconian knights
  4 emperor scorpions
  8 draconian shifters
  8 ghost moths
  10 deep elf sorcerers
  3 draconian scorchers
  3 juggernaut zombies
  9 frost giants
  11 vault wardens
  4 iron dragons
  19 ghouls
  2 curse skulls (Crypt:3)
  3 draconian annihilators
  A spriggan defender (Depths:3)
  9 deep elf elementalists (Elf:3)
  2 caustic shrike zombies
  7 ironbound preservers
  16 reapers
  3 orc warlords
  4 formless jellyfish
  6 caustic shrike skeletons
  2 draconian stormcallers
  2 cacodemons
  4 juggernaut skeletons
  28 very ugly things
  26 stone giants
  9 ironbound thunderhulks
  A starflower (Abyss:2)
  12 vampire knights
  4 eleionomae
  18 black draconians
  8 deep elf death magi
  4 deep elf demonologists
  9 purple draconians
  16 green draconians
  Azrael (D:12)
  10 yellow draconians
  3 lorocyprocas
  7 deep elf annihilators
  3 bunyips
  A minotaur (Gauntlet)
  7 dire elephants
  8 white draconians
  12 spark wasps
  5 war gargoyles
  8 red draconians
  8 ettins
  2 green deaths
  14 eidola
  A crystal guardian (Vaults:4)
  2 blizzard demons
  A quicksilver dragon zombie (Crypt:3)
  8 fire dragons
  3 jiangshi
  A mummy priest (Crypt:3)
  8 entropy weavers
  7 great orbs of eyes
  2 spriggan zombies (Crypt:3)
  Harold (Orc:1)
  A shambling mangrove (Swamp:4)
  25 yaktaur captains
  10 deep elf high priests
  4 hell beasts
  17 hydras
  10 ice dragons
  14 rakshasas
  2 juggernaut simulacra
  6 ironbound frosthearts
  4 spriggan air magi
  37 vault guards
  3 radroaches
  2 spriggan skeletons
  A ghost crab (Swamp:2)
  5 jorogumos
  16 centaur warriors
  A death knight (Abyss:1)
  3 peacekeepers (Vaults:4)
  10 alligators
  3 catoblepae
  9 deep troll shamans
  A death scarab (Gauntlet)
  4 boulder beetles
  6 demonic crawlers
  A naga warrior (Abyss:1)
  11 hell hogs
  16 thrashing horrors
  3 vampire magi
  10 deep troll earth magi
  5 spriggan berserkers
  6 two-headed ogres
  28 dancing weapons
  4 tengu warriors
  2 storm dragon zombies
  2 orc high priests (Orc:2)
  11 soul eaters
  A titan zombie (Crypt:1)
  An occultist (Depths:2)
  3 shock serpents (Zot:4)
  A shock serpent (shapeshifter) (Abyss:1)
  Amaemon (D:11)
  12 sun demons
  17 deep elf knights
  A skyshark (Lair:2)
  27 wretched stars
  9 pharaoh ants
  11 iron trolls
  A fire crab (shapeshifter) (Vaults:5)
  A skyshark (shapeshifter) (Depths:2)
  5 goliath frogs
  3 shadow wraiths
  7 sixfirhies
  28 skeletal warriors
  A spatial maelstrom (Abyss:2)
  An anaconda zombie (Hell)
  12 orb spiders
  29 deep trolls
  2 storm dragon skeletons
  4 spriggan druids
  4 flayed ghosts
  13 swamp dragons
  An orb spider (shapeshifter) (Depths:2)
  10 arcanists
  A spriggan simulacrum (Depths:3)
  7 glowing orange brains
  8 bog bodies
  4 sun moths
  A steelbarb worm (shapeshifter) (Abyss:1)
  3 anaconda skeletons
  18 phantasmal warriors
  10 deep elf archers
  An alligator zombie (Hell)
  A glowing orange brain (shapeshifter) (Vaults:5)
  8 lindwurms
  18 necromancers
  29 deep elf zephyrmancers
  8 steelbarb worms
  9 orc knights
  15 ironbound convokers
  A tengu skeleton (Crypt:3)
  25 deep elf pyromancers
  A shining eye (Abyss:2)
  An oklob plant (D:10)
  A faun (shapeshifter) (Depths:2)
  4 cyclopes
  An orc sorcerer (Orc:2)
  A stone giant zombie (Crypt:3)
  3 will-o-the-wisps
  41 ugly things
  Maurice (D:8)
  3 salamanders (Depths:3)
  An eleionoma skeleton (Crypt:1)
  41 large abominations
  31 wolf spiders
  4 manticores
  2 kobold blastminers (Orc:1)
  27 moths of wrath
  6 meliai
  A meliai (shapeshifter) (D:14)
  7 worldbinders
  5 torpor snails
  3 centaur zombies
  2 stone giant skeletons (Vaults:4)
  14 vault sentinels
  Joseph (D:9)
  16 elephants
  A dire elephant zombie (Crypt:3)
  An ice statue (Hell)
  30 smoke demons
  A centaur skeleton (Hell)
  6 apocalypse crabs
  An alligator snapping turtle zombie (Crypt:1)
  2 gargoyles
  6 black mambas
  11 rust devils
  A mana viper (shapeshifter) (Vaults:5)
  20 cane toads
  2 molten gargoyles (Hell)
  3 kobold demonologists
  Maggie (D:7)
  2 dire elephant skeletons
  4 hellions
  11 orange demons
  2 unseen horrors (D:12)
  A yaktaur (shapeshifter) (Vaults:5)
  An anaconda simulacrum (Hell)
  5 rime drakes
  2 sea snake zombies (Hell)
  A black draconian zombie (Crypt:1)
  6 efreet
  17 komodo dragons
  9 freezing wraiths
  A yellow draconian skeleton (Crypt:2)
  2 ice devils
  2 guardian mummies (Crypt:3)
  2 tormentors
  A golden dragon simulacrum (WizLab)
  A hydra zombie (Hell)
  34 yaktaurs
  A red devil (Depths:1)
  A merfolk (shapeshifter) (Vaults:4)
  A polar bear (shapeshifter) (D:15)
  18 ancient zymes
  A pale draconian skeleton (Crypt:1)
  6 harpy zombies
  A troll (shapeshifter) (D:14)
  2 polar bears (Lair:1)
  A queen bee (D:9)
  71 starcursed masses
  A sea snake skeleton (Hell)
  16 hellwings
  16 hornets
  2 merfolk (Zot:4)
  A jumping spider zombie (Crypt:2)
  14 trolls
  12 blink frogs
  A silent spectre (Abyss:3)
  7 saltlings (Orc:2)
  4 harpy skeletons
  33 tarantellas
  2 tengu simulacra (Depths:3)
  11 tyrant leeches
  6 glass eyes
  3 hydra skeletons (Hell)
  48 raiju
  A dream sheep (shapeshifter) (Vaults:2)
  A death drake skeleton (Crypt:2)
  An ettin zombie (Crypt:3)
  44 slime creatures
  A frost giant simulacrum (Vaults:4)
  4 dream sheep (Lair:4)
  23 culicivoras
  An ice dragon skeleton (Crypt:3)
  A shadow (D:11)
  2 air elementals
  2 centaur simulacra
  10 wraiths
  19 ynoxinuls
  10 fire bats
  39 jumping spiders
  7 vampires
  16 spriggans
  16 water elementals
  A wyvern (D:9)
  A black mamba skeleton (Abyss:2)
  41 yaks
  6 golden eyes
  4 fire elementals
  4 hogs (D:15)
  A yaktaur simulacrum (Vaults:4)
  A golden eye (shapeshifter) (Abyss:2)
  4 basilisks
  A warg (Orc:2)
  57 redbacks
  17 neqoxecs
  A swamp worm (shapeshifter) (Depths:2)
  16 vampire mosquitoes
  37 small abominations
  2 naga zombies
  4 chaos spawn
  2 acid dragons
  A spectral cane toad (Gauntlet)
  A deep troll zombie (WizLab)
  11 swamp worms
  14 water moccasins
  A water moccasin (shapeshifter) (Depths:2)
  A deep troll skeleton (WizLab)
  An entropy weaver zombie (Crypt:2)
  2 merfolk skeletons
  2 two-headed ogre skeletons (WizLab)
  16 orc warriors
  8 hell hounds
  2 sky beasts (D:7)
  6 swamp drakes
  An ice beast (shapeshifter) (Abyss:2)
  5 black bears
  23 laughing skulls
  An ettin simulacrum (Abyss:2)
  6 ogres
  A swamp dragon zombie (Crypt:1)
  A boggart (Vaults:1)
  19 wolves
  A snapping turtle skeleton (Crypt:2)
  30 centaurs
  A swamp dragon skeleton (WizLab)
  A phantom (D:4)
  26 bullfrogs
  9 weeping skulls
  4 brain worms
  2 gnoll sergeants
  3 necrophages (Crypt:2)
  A kobold brigand (D:9)
  5 scorpions
  A cyclops zombie (Crypt:1)
  2 cyclops skeletons (WizLab)
  An earth elemental (Elf:3)
  A naga simulacrum (Hell)
  6 wights
  11 wyvern skeletons (Crypt:3)
  24 killer bees
  A swamp dragon simulacrum (WizLab)
  4 howler monkeys
  4 electric eels
  4 lava snakes (Lair:5)
  2 bombardier beetles
  8 quasits
  13 orc priests
  3 hounds
  A gnoll bouda (D:4)
  5 iron imps
  18 orc wizards
  14 hell rats
  A mummy (Crypt:3)
  Robin (D:3)
  14 gnolls
  8 adders
  A steam dragon skeleton (Crypt:1)
  A shadow imp (Abyss:1)
  7 white imps
  13 ufetubi
  2 dart slugs
  2 ribbon worms (D:5)
  68 orcs
  5 endoplasms
  2 giant cockroaches
  6 hobgoblins
  8 jackals
  3 quokkas
  3 training dummies (D:15)
  6 ball pythons
  A bat (D:1)
  An endoplasm zombie (Crypt:2)
  2 frilled lizards
  A giant cockroach zombie (Crypt:2)
  11 goblins
  17 kobolds
  2 quokka skeletons
  3 rats
  2 aspiring fleshes
  2 lurking horrors
  A spectral weapon (Spider:2)
  15 starspawn tentacles
2937 creatures vanquished.

Vanquished Creatures (others)
  A salamander tyrant (Depths:3)
  A juggernaut simulacrum (Depths:3)
  2 bloated husks
  A hornet (Swamp:4)
  A spriggan (Swamp:4)
  A swamp drake (Swamp:4)
  A small abomination (Abyss:3)
  2 foxfires (Abyss:3)
  2 lurking horrors
  23 starspawn tentacles
35 creatures vanquished.

Grand Total: 2972 creatures vanquished

Notes
Turn   | Place    | Note
-------+----------+-------------------------------------------
     0 | D:1      | lugworm the Octopode Shapeshifter began the quest for the
                  | Orb.
     0 | D:1      | Reached XP level 1. HP: 13/13 MP: 1/1
    34 | D:1      | Found a faded altar of an unknown god.
   138 | D:1      | Reached XP level 2. HP: 18/18 MP: 2/2
   286 | D:1      | Reached skill level 1 in Stealth
   293 | D:1      | Got the Guidebook on Degeneration
   340 | D:1      | Reached XP level 3. HP: 23/23 MP: 3/3
   667 | D:2      | Identified the +10 sling of Anysank {flame, rN+ Str-4
                  | Int+7}
  1376 | D:2      | Reached XP level 4. HP: 27/28 MP: 4/4
  2006 | D:3      | Reached skill level 1 in Short Blades
  2082 | D:3      | Found a glowing golden altar of the Shining One.
  2083 | D:3      | Found a snail-covered altar of Cheibriados.
  2083 | D:3      | Found a radiant altar of Vehumet.
  2138 | D:3      | Noticed Robin
  2837 | D:2      | Reached XP level 5. HP: 25/33 MP: 5/5
  2889 | D:3      | Killed Robin
  3200 | D:3      | Found a runed translucent door.
  3201 | D:3      | Noticed Crazy Yiuf
  3422 | D:4      | Noticed a centaur
  3429 | D:4      | Killed a centaur
  3430 | D:4      | Reached XP level 6. HP: 30/38 MP: 6/6
  3771 | D:4      | Reached skill level 5 in Shapeshifting
  4074 | D:4      | Noticed a black bear
  4091 | D:4      | Killed a black bear
  4092 | D:4      | Reached XP level 7. HP: 21/43 MP: 7/7
  4329 | D:4      | Identified the +0 chain mail "Higaexzu" {rN+ Int+3}
  4337 | D:4      | Found a shimmering blue altar of Sif Muna.
  4577 | D:4      | Found a sacrificial altar of Ru.
  4720 | D:5      | Entered Level 5 of the Dungeon
  4756 | D:5      | Found a staircase to the Ecumenical Temple.
  4772 | Temple   | Entered the Ecumenical Temple
  4790 | Temple   | Became a worshipper of Gozag Ym Sagoz the Greedy
  4899 | D:5      | Noticed a hornet
  4905 | D:5      | Noticed Raspi's ghost (novice TrSh)
  4931 | D:5      | Found a transporter.
  4933 | D:5      | Found a transporter.
  5930 | D:6      | Reached XP level 8. HP: 52/52 MP: 8/8
  6494 | D:7      | Noticed Maggie
  6508 | D:7      | Killed Maggie
  6509 | D:7      | Reached skill level 5 in Stealth
  6963 | D:7      | Reached skill level 5 in Dodging
  7038 | D:7      | Found Paudots's Jewellery Boutique.
  7076 | D:7      | Reached skill level 5 in Fighting
  7076 | D:7      | Reached XP level 9. HP: 38/61 MP: 9/9
  7234 | D:7      | Found a burning altar of Makhleb.
  7234 | D:7      | Noticed a green death
  7264 | D:7      | Found a shimmering altar of Xom.
  7304 | D:7      | Found a hide-covered altar of Uskayaw.
  7711 | D:7      | Found a bloodstained altar of Trog.
  8090 | D:8      | Noticed Maurice
  8534 | D:9      | Noticed a queen bee
  8589 | D:8      | Found an ornate altar of the Wu Jian Council.
  8592 | D:8      | Reached skill level 1 in Long Blades
  9131 | D:8      | Killed Maurice
  9318 | D:8      | Found a stormy altar of Qazlal.
  9432 | D:8      | Reached XP level 10. HP: 39/68 MP: 10/10
 10846 | D:9      | Reached skill level 10 in Shapeshifting
 11048 | D:9      | Found a white marble altar of Elyvilon.
 11050 | D:9      | Noticed Joseph
 11081 | D:9      | Killed Joseph
 11488 | D:10     | Entered Level 10 of the Dungeon
 11749 | D:10     | Found a staircase to the Orcish Mines.
 12122 | D:10     | Noticed a gargoyle
 12310 | D:10     | Noticed a two-headed ogre
 12324 | D:10     | Killed a two-headed ogre
 12332 | D:10     | Found a staircase to the Lair.
 12332 | D:10     | Noticed an oklob plant
 12458 | D:10     | Noticed a two-headed ogre
 12678 | D:10     | Reached XP level 11. HP: 72/72 MP: 11/11
 12800 | D:10     | Killed a two-headed ogre
 13282 | D:10     | Killed an oklob plant
 13530 | D:7      | Bought a dragon-blood talisman for 900 gold pieces
 13608 | Lair:1   | Entered Level 1 of the Lair of Beasts
 13727 | Lair:1   | Reached skill level 5 in Unarmed Combat
 15199 | Lair:1   | Reached XP level 12. HP: 67/78 MP: 12/12
 15830 | D:7      | Bought a +5 ring of evasion for 540 gold pieces
 16218 | Lair:2   | Noticed a four-headed hydra
 16228 | Lair:2   | Killed a six-headed hydra
 16229 | Lair:2   | Reached skill level 15 in Shapeshifting
 16537 | Lair:2   | Identified the +9 sling of Disorder {heavy, rF+ rC+ Dex+4}
 16560 | Lair:2   | Noticed a catoblepas
 16594 | Lair:2   | Killed a catoblepas
 16969 | Lair:2   | Found a hole to the Spider Nest.
 17409 | Lair:2   | Reached XP level 13. HP: 83/83 MP: 13/13
 17552 | Lair:2   | Identified the staff of Exquisite Death {rF+ Earth}
 17940 | D:7      | Bought a +5 ring of evasion for 540 gold pieces
 19584 | Lair:3   | Found a staircase to the Swamp.
 21450 | Lair:5   | Entered Level 5 of the Lair of Beasts
 21460 | Lair:5   | Reached XP level 14. HP: 95/95 MP: 14/14
 21730 | Lair:5   | Found a viscous altar of Jiyva.
 21730 | Lair:5   | Found a staircase to the Slime Pits.
 21805 | Lair:5   | Identified the +12 mace of Infinity {drain, rF++ rC+}
 21811 | Lair:5   | Identified the +8 arbalest "Cuapset" {elec, +Blink rElec
                  | rF+}
 21958 | Lair:5   | Identified the +9 falchion of Axeip {vamp, rElec Dex+5}
 22669 | Lair:5   | Reached skill level 10 in Fighting
 22841 | Orc:1    | Entered Level 1 of the Orcish Mines
 22980 | Orc:2    | Entered Level 2 of the Orcish Mines
 22980 | Orc:2    | Found a staircase to the Elven Halls.
 22994 | Orc:1    | Noticed Harold
 23016 | Orc:1    | Killed Harold
 23384 | Orc:2    | Found Qayq Xea's Book Boutique.
 23796 | Orc:2    | Found Otimots's Magic Scroll Boutique.
 24232 | Orc:2    | Found Alamiadu's Magic Scroll Boutique.
 24259 | Orc:2    | Found Ynemihaka's Magic Scroll Shop.
 24259 | Orc:2    | Noticed an orc warlord
 24288 | Orc:2    | Killed an orc warlord
 24509 | Orc:2    | Reached XP level 15. HP: 107/107 MP: 15/15
 24948 | Orc:2    | Found Teypa's Jewellery Shoppe.
 25198 | Orc:2    | Bought the +3 crown of Dyrovepreva {rElec Int+2 SInv} for
                  | 455 gold pieces
 25198 | Orc:2    | Found the +3 crown of Dyrovepreva {rElec Int+2 SInv}
 25239 | Orc:2    | Bought an amulet of the acrobat for 480 gold pieces
 25365 | Orc:2    | Bought a scroll of teleportation for 33 gold pieces
 25408 | Orc:2    | Bought a scroll of teleportation for 42 gold pieces
 25408 | Orc:2    | Bought a scroll of teleportation for 42 gold pieces
 25426 | Orc:2    | Bought a scroll of teleportation for 42 gold pieces
 25426 | Orc:2    | Bought a scroll of teleportation for 42 gold pieces
 25426 | Orc:2    | Bought a scroll of fog for 56 gold pieces
 25430 | Orc:2    | Bought a scroll of teleportation for 48 gold pieces
 25430 | Orc:2    | Bought a scroll of teleportation for 48 gold pieces
 25556 | D:12     | Found a transporter.
 25710 | D:12     | Found a gate leading to a gauntlet.
 25720 | Gauntlet | Entered a Gauntlet
 25720 | Gauntlet | Found a transporter.
 25720 | Gauntlet | Found a transporter.
 25722 | Gauntlet | Found a runed translucent door.
 25724 | Gauntlet | Found a transporter.
 25726 | Gauntlet | Found a transporter.
 25728 | Gauntlet | Found a transporter.
 25728 | Gauntlet | Found a transporter.
 25754 | Gauntlet | Found a runed translucent door.
 25754 | Gauntlet | Found a runed translucent door.
 25758 | Gauntlet | Found a transporter.
 25762 | Gauntlet | Found a transporter.
 25770 | Gauntlet | Found a transporter.
 25828 | Gauntlet | Identified the ring of Maimi {rElec rF+ Dex-4 SInv}
 25851 | Gauntlet | Found a transporter.
 25855 | Gauntlet | Found a transporter.
 26052 | Gauntlet | Found a transporter.
 26086 | Gauntlet | Identified the ring of Voitoat {^Contam rPois rC- Int+6
                  | Stlth+}
 26177 | Gauntlet | Identified the +2 hand axe of Zauf {spect, rF+ Int+2 Dex+4}
 26190 | Gauntlet | Identified the staff of the Conjuring Shark {rElec rF+ Air}
 26190 | Gauntlet | Identified the +0 acid dragon scales of Efinimet {rN+++
                  | Will+ rCorr Int+3 Dex-4}
 26191 | Gauntlet | Got Erefarav's Thaumaturgy, Part Seven
 26554 | D:12     | Found a runed translucent gate.
 26555 | D:12     | Found a runed translucent gate.
 26556 | D:12     | Noticed Flugkiller's ghost (journeyman OnCK)
 26557 | D:12     | Found a runed translucent gate.
 26671 | D:12     | Noticed Azrael
 26686 | D:12     | Reached skill level 10 in Unarmed Combat
 26703 | D:12     | Killed Azrael
 26885 | D:12     | Found a viscous altar of Jiyva.
 27065 | D:12     | Found a transporter.
 27397 | D:11     | Noticed Amaemon
 27407 | D:11     | Killed Amaemon
 29362 | D:14     | Found a gate to the Vaults.
 29886 | D:15     | Entered Level 15 of the Dungeon
 29918 | D:15     | Reached XP level 16. HP: 117/117 MP: 16/16
 30177 | D:15     | Found Sudirad's Firing Range.
 30405 | D:15     | Noticed Kirke
 30423 | D:15     | Killed Kirke
 30872 | D:15     | Found a staircase to the Depths.
 31137 | Swamp:1  | Entered Level 1 of the Swamp
 33262 | Swamp:3  | Identified the serpent talisman of the Hot Ocelot {rF-
                  | rCorr Str+6}
 33262 | Swamp:3  | Noticed Aizul
 33278 | Swamp:3  | Killed Aizul
 34003 | Swamp:4  | Entered Level 4 of the Swamp
 34545 | Swamp:4  | Paralysed by a hornet for 2 turns
 35292 | Swamp:4  | Reached XP level 17. HP: 126/126 MP: 17/17
 35513 | Swamp:4  | Reached skill level 15 in Fighting
 35695 | Swamp:4  | Got a decaying rune of Zot
 36460 | Swamp:4  | Bought a marble ring for 210 gold pieces
 36466 | Swamp:4  | Bought a potion of haste for 120 gold pieces
 36466 | Swamp:4  | Bought a potion of might for 48 gold pieces
 36466 | Swamp:4  | Bought a potion of resistance for 120 gold pieces
 36632 | Spider:1 | Entered Level 1 of the Spider Nest
 36667 | Spider:1 | Found the macabre finger necklace {Finger+ rN+}
 37766 | Spider:1 | You are sucked into a shaft and drop 1 floor!
 37770 | Spider:2 | Noticed Arachne
 37848 | Spider:2 | Killed Arachne
 38308 | Spider:2 | Reached skill level 15 in Unarmed Combat
 38448 | Spider:2 | Noticed Asterion
 38476 | Spider:2 | Killed Asterion
 38879 | Spider:2 | Noticed Frances
 38885 | Spider:2 | Killed Frances
 39410 | Spider:2 | Reached XP level 18. HP: 137/137 MP: 18/18
 40484 | Spider:4 | Entered Level 4 of the Spider Nest
 40889 | Spider:4 | Noticed Bai Suzhen
 41829 | Spider:4 | Killed Bai Suzhen
 41862 | Spider:4 | Identified the death talisman of the Tick {rF+ Int+3 Dex+2}
 42887 | Spider:4 | Reached XP level 19. HP: 65/147 MP: 0/19
 43334 | Spider:4 | Found the +3 Mad Mage's Maulers {Infuse+∞ VampMP -Cast}
 43345 | Spider:4 | Got a gossamer rune of Zot
 43670 | Vaults:1 | Entered Level 1 of the Vaults
 43938 | Vaults:1 | Identified the +8 halberd of Subterfuge {distort, Will+}
 44803 | Vaults:1 | Identified the +7 war axe of Bread {freeze, SInv}
 46448 | Vaults:2 | Found a magical portal.
 46453 | WizLab   | Entered Zonguldrok's Shrine
 46666 | WizLab   | Reached XP level 20. HP: 156/156 MP: 20/20
 47045 | WizLab   | Noticed an antique champion
 47045 | WizLab   | Noticed an antique champion
 47054 | WizLab   | Killed an antique champion
 47068 | WizLab   | Killed an antique champion
 47349 | WizLab   | Identified the +7 plate armour of the Invisible Hand {rF++
                  | rC- Str+6}
 47357 | WizLab   | Got the Atlas of Cadavers
 47382 | WizLab   | Got Kikubaaqudgha's Tome of Rot
 49664 | Vaults:3 | Noticed a bone dragon
 49666 | Vaults:3 | Found a staircase to the Crypt.
 49673 | Vaults:3 | Killed a bone dragon
 51035 | Vaults:3 | Bought the amulet of Lucidity {Reflect Will++ SH+5 Stlth+}
                  | for 591 gold pieces
 51045 | Vaults:3 | Bought the ring "Aneag" {^Drain rN+ Will+ MP+9 Dex+2} for
                  | 389 gold pieces
 51811 | Vaults:4 | Reached XP level 21. HP: 165/165 MP: 21/21
 53210 | Depths:1 | Entered Level 1 of the Depths
 53372 | Depths:1 | Found a hide-covered altar of Uskayaw.
 53702 | Depths:1 | Found the ring of the Tortoise {AC+8}
 53953 | Depths:1 | Found a one-way gate to the infinite horrors of the Abyss.
 54596 | Depths:1 | Found a gateway to Hell.
 54765 | Depths:1 | Found Entar's Jewellery Emporium.
 55328 | Depths:2 | Found Tizuc's Magic Scroll Emporium.
 55416 | Depths:2 | Noticed Sojobo
 55428 | Depths:2 | Killed Sojobo
 55855 | Depths:2 | Noticed Vv
 55875 | Depths:2 | Killed Vv
 56114 | Depths:2 | Noticed a golden dragon
 56118 | Depths:2 | Killed a golden dragon
 56236 | Depths:2 | Found a one-way gateway to a ziggurat.
 56387 | Depths:2 | Identified a scroll of acquirement
 56412 | Depths:2 | Acquired 567 gold pieces
 56619 | Depths:2 | Identified the ring "Urriti" {rC+ Int+6 Dex+3}
 56653 | Depths:2 | Reached XP level 22. HP: 174/174 MP: 22/22
 56866 | Depths:2 | Identified the ring "Edwott" {Wiz Int+3}
 57045 | Depths:2 | Identified the +7 dagger of Leghy {flame, rC+}
 57053 | Depths:2 | Found a transporter.
 57186 | Depths:2 | Identified the ring of Fomohu {Fire rCorr Dex+3}
 57194 | Depths:2 | Noticed a juggernaut
 57202 | Depths:2 | Killed a juggernaut
 57213 | Depths:2 | Identified the +6 hand axe "Qatiaraf" {flame, rPois MP+9
                  | Int-5 Dex+6}
 57228 | Depths:2 | Found a one-way gate leading to the halls of Pandemonium.
 57231 | Depths:2 | Found a transporter.
 57575 | Depths:3 | Identified the ring of Amelioration {Ice Dex+3}
 57575 | Depths:3 | Noticed Josephina
 58006 | Depths:2 | HP: 6/261 [Josephina/staff of cold (17)]
 58513 | Depths:2 | Killed Josephina
 58947 | Depths:3 | Found Big Baal Hell's Store.
 59138 | Depths:3 | Noticed a golden dragon
 59151 | Depths:3 | Killed a golden dragon
 59884 | Depths:4 | Entered Level 4 of the Depths
 60827 | Depths:4 | Found a gate to the Realm of Zot.
 60921 | Depths:4 | Noticed Parghit
 60930 | Depths:4 | Killed Parghit
 60931 | Depths:4 | Reached XP level 23. HP: 183/183 MP: 23/23
 61690 | Vaults:5 | Entered Level 5 of the Vaults
 63280 | Vaults:5 | Identified the +3 ring mail of Dice, Bag, and Bottle {rElec
                  | rPois rC+++ Str-4 Stlth-}
 63690 | Vaults:5 | Found Minnot's Assorted Antiques.
 63950 | Vaults:5 | Identified the ring "Gexekleg" {rF- rN+++ Will+ Str+6
                  | Int+3}
 64961 | Vaults:5 | Bought a scroll of teleportation for 105 gold pieces
 65088 | Vaults:5 | Noticed a golden dragon
 65094 | Vaults:5 | Killed a golden dragon
 65153 | Vaults:5 | Identified the +2 quick blade "Worm's Wrath" {pain, Str+7}
 65155 | Vaults:5 | Got Ekkisari's Codex of Conjured Concoctions
 65209 | Vaults:5 | Reached XP level 24. HP: 193/193 MP: 23/23
 66225 | Vaults:5 | Got a silver rune of Zot
 66471 | Vaults:5 | Noticed an ancient lich
 66485 | Vaults:5 | Killed an ancient lich
 66489 | Vaults:5 | Found the +10 tower shield of Ignorance {rN+ Int-4}
 67167 | Elf:1    | Entered Level 1 of the Elven Halls
 67167 | Elf:1    | Found a portal to a secret trove of treasure.
 67553 | Elf:1    | Found a shimmering blue altar of Sif Muna.
 67683 | Elf:1    | Identified the granite talisman "Abrezoh" {Str+6 Slay+3}
 67683 | Elf:1    | Noticed Roxanne
 67688 | Elf:1    | Killed Roxanne
 67934 | Elf:1    | Found Qiphatwo's Weapon Emporium.
 68047 | Elf:1    | Got the Compendium of Power and Invitation
 68536 | Elf:2    | Found a runed translucent gate.
 68536 | Elf:2    | Found a runed translucent gate.
 68536 | Elf:2    | Found a runed translucent gate.
 69945 | Elf:2    | Acquired 1129 gold pieces
 69991 | Elf:3    | Entered Level 3 of the Elven Halls
 70214 | Elf:3    | Identified the +7 mace of Fate {holy, rF- Dex+6}
 70265 | Elf:3    | Reached XP level 25. HP: 203/203 MP: 23/23
 70703 | Elf:3    | Identified the ring "Hepnomik" {rPois AC+4}
 70738 | Elf:3    | Identified the +4 arbalest of Igod {antimagic, Dex+6}
 70908 | Elf:3    | Got the Anthology of Peregrination and Bringing Forth
 70925 | Elf:3    | Identified the +8 falchion "Osmiphu" {chaos, rF+ SInv}
 70933 | Elf:3    | Got the Tome of the Wyrd and Outbursts
 70937 | Elf:3    | Identified the +3 helmet "Dackomm" {rF+ rN+ Slay+2}
 70944 | Elf:3    | Identified the ring "Assowkoc" {rF+ rC- Int+6}
 70971 | Elf:3    | Identified the +9 spear of Pride {drain, Int+3}
 71619 | Zot:1    | Entered Level 1 of the Realm of Zot
 71622 | Zot:1    | Noticed an ancient lich
 71635 | Zot:1    | Killed an ancient lich
 71639 | Zot:1    | Noticed an ancient lich
 71904 | Zot:1    | Killed an ancient lich
 73900 | Zot:2    | Reached skill level 10 in Dodging
 74434 | Zot:3    | Reached XP level 26. HP: 216/216 MP: 23/23
 75418 | Zot:4    | Found a transporter.
 75419 | Zot:4    | Found a transporter.
 75421 | Zot:4    | Found a transporter.
 75422 | Zot:4    | Found a transporter.
 76735 | Zot:5    | Entered Level 5 of the Realm of Zot
 76978 | Zot:5    | Noticed an orb of fire
 76996 | Zot:5    | Noticed an ancient lich
 76996 | Zot:5    | Killed an orb of fire
 76999 | Zot:5    | Reached skill level 10 in Stealth
 77003 | Zot:5    | Killed an ancient lich
 77004 | Zot:5    | Noticed an ancient lich
 77004 | Zot:5    | Noticed a dread lich
 77004 | Zot:5    | Noticed an ancient lich
 77004 | Zot:5    | Noticed a Killer Klown
 77006 | Zot:5    | Noticed a Killer Klown
 77012 | Zot:5    | Noticed a dread lich
 77013 | Zot:5    | Killed an ancient lich
 77014 | Zot:5    | Noticed an orb of fire
 77014 | Zot:5    | Noticed a dread lich
 77014 | Zot:5    | Noticed an ancient lich
 77014 | Zot:5    | Noticed a Killer Klown
 77021 | Zot:5    | Killed an ancient lich
 77025 | Zot:5    | Killed a Killer Klown
 77026 | Zot:5    | Reached skill level 27 in Fighting
 77027 | Zot:5    | Killed a dread lich
 77035 | Zot:5    | Killed an orb of fire
 77037 | Zot:5    | Killed an ancient lich
 77416 | Zot:5    | Killed a dread lich
 77472 | Zot:5    | Killed a Killer Klown
 77911 | Zot:5    | Reached XP level 27. HP: 224/224 MP: 23/23
 78609 | Zot:5    | Killed a dread lich
 79973 | Crypt:1  | Entered Level 1 of the Crypt
 81503 | Crypt:2  | Noticed Grunn
 81515 | Crypt:2  | Killed Grunn
 81801 | Crypt:2  | Found an ancient bone altar of Kikubaaqudgha.
 82142 | Crypt:3  | Entered Level 3 of the Crypt
 82644 | Crypt:3  | Found a staircase to the Tomb.
 82978 | Crypt:3  | Found an ancient bone altar of Kikubaaqudgha.
 83213 | Crypt:3  | Noticed an ancient lich
 83220 | Crypt:3  | Killed an ancient lich
 83374 | Crypt:3  | Reached skill level 27 in Shapeshifting
 83617 | Crypt:3  | Got the Directory of Necromancy
 84105 | Crypt:3  | Identified the amulet "Xiqiorpheol" {Faith Dex+3}
 84601 | Hell     | Entered the Vestibule of Hell
 84601 | Hell     | Noticed Geryon
 84615 | Hell     | Reached skill level 27 in Unarmed Combat
 84688 | Hell     | Killed Geryon
 85300 | Hell     | Found a gateway to the Iron City of Dis.
 85542 | Hell     | Found a gateway to the ashen valley of Gehenna.
 85619 | Hell     | Found a gateway to the decaying netherworld of Tartarus.
 85830 | Hell     | Found a gateway to the freezing wastes of Cocytus.
 86144 | Depths:2 | Voluntarily entered the Abyss.
 86144 | Abyss:1  | Found a transporter.
 86144 | Abyss:1  | Found a corrupted altar of Lugonu.
 86144 | Abyss:1  | Found a corrupted altar of Lugonu.
 86178 | Abyss:1  | Found a transporter.
 86203 | Abyss:1  | Identified the ring "Okhuot" {rF+ rC+ Will+ AC+4}
 86301 | Abyss:1  | Found a transporter.
 86361 | Abyss:1  | Found a transporter.
 86363 | Abyss:1  | Found a transporter.
 86397 | Abyss:1  | Found a transporter.
 86422 | Abyss:1  | Found a transporter.
 86490 | Abyss:1  | Found a transporter.
 86687 | Abyss:1  | Found a corrupted altar of Lugonu.
 86702 | Abyss:1  | Noticed an ancient lich
 86710 | Abyss:1  | Killed an ancient lich
 86985 | Abyss:1  | Paralysed by accursed screaming for 1 turns
 86993 | Abyss:1  | Paralysed by accursed screaming for 1 turns
 87263 | Abyss:1  | Gained mutation: You are vulnerable to cold. (rC-) [a
                  | neqoxec]
 87316 | Abyss:1  | Reached skill level 15 in Dodging
 87794 | Abyss:1  | Gained mutation: Your spells are a little easier to cast,
                  | but a little less powerful. [a neqoxec]
 88520 | Abyss:1  | Found a sparkling altar of Nemelex Xobeh.
 88686 | Abyss:2  | Found a corrupted altar of Lugonu.
 88790 | Abyss:2  | Noticed a dread lich
 88797 | Abyss:2  | Killed a dread lich
 89438 | Abyss:2  | Found a corrupted altar of Lugonu.
 89440 | Abyss:2  | Found a corrupted altar of Lugonu.
 89440 | Abyss:2  | Found a corrupted altar of Lugonu.
 89518 | Abyss:2  | Gained mutation: You are weak. (Str -2) [a neqoxec]
 89524 | Abyss:2  | Found a corrupted altar of Lugonu.
 90459 | Abyss:2  | Found a corrupted altar of Lugonu.
 90566 | Abyss:3  | Found a corrupted altar of Lugonu.
 90580 | Abyss:3  | Found a corrupted altar of Lugonu.
 91026 | Abyss:3  | Gained mutation: Your magical capacity is low. (-10% MP) [a
                  | neqoxec]
 91027 | Abyss:3  | Gained mutation: You are frail. (-10% HP) [a neqoxec]
 91102 | Abyss:3  | Lost mutation: You are vulnerable to cold. (rC-) [potion of
                  | mutation]
 91102 | Abyss:3  | Lost mutation: You are frail. (-10% HP) [potion of
                  | mutation]
 91102 | Abyss:3  | Gained mutation: Your natural rate of healing is unusually
                  | fast. [potion of mutation]
 91102 | Abyss:3  | Lost mutation: Your natural rate of healing is unusually
                  | fast. [potion of mutation]
 91102 | Abyss:3  | Gained mutation: You have very sharp teeth. [potion of
                  | mutation]
 91151 | Abyss:3  | Gained mutation: You have hidden genetic defects. [a
                  | neqoxec]
 91229 | Abyss:3  | Paralysed by accursed screaming for 1 turns
 91253 | Abyss:3  | Paralysed by accursed screaming for 2 turns
 91259 | Abyss:3  | Paralysed by accursed screaming for 2 turns
 91264 | Abyss:3  | Paralysed by accursed screaming for 2 turns
 91379 | Depths:2 | Escaped the Abyss
 91774 | Depths:2 | Lost mutation: You have very sharp teeth. [potion of
                  | mutation]
 91774 | Depths:2 | Lost mutation: You are weak. (Str -2) [potion of mutation]
 91774 | Depths:2 | Gained mutation: Your flesh is heat resistant. (rF+)
                  | [potion of mutation]
 91774 | Depths:2 | Lost mutation: Your spells are a little easier to cast, but
                  | a little less powerful. [potion of mutation]
 91786 | Depths:2 | Bought a potion of haste for 200 gold pieces
 92031 | Zot:5    | Got the Orb of Zot
 92265 | Depths:2 | Noticed Fitoic the pandemonium lord
 92311 | Depths:1 | Gained mutation: Your magical capacity is very low. (-20%
                  | MP) [hidden defects]
 92768 | D:$      | Escaped with the Orb!

Illustrated notes

Levels and vault maps discovered:
D:1:      nzn_arrival_depleted_hourglass, layout_basic, basic_ecumenical_altar,
          minmay_octomino_j4
D:2:      layout_loops_cross, kennysheep_cross_bottleneck,
          chequers_serial_rivers_small_3, serial_park_tiny_2,
          grunt_decor_clamped
D:3:      layout_rooms, gammafunk_temple_overflow_claw, uniq_crazy_yiuf_cottage,
          uniq_robin
D:4:      layout_basic, nicolae_ru_path_of_blood, general_overflow_altar
D:5:      layout_gridville, minmay_temple_entry_trees, gammafunk_ghost_hive,
          grunt_decor_one_mirror
D:6:      layout_loops_cross, chequers_big_river
D:7:      layout_loops_ring, makhleb_altar_promises_db, lemuel_tele_altar,
          mainiacjoe_overflow_two_lobes, serial_shops, shop_fountains,
          uniq_maggie
D:8:      layout_rooms, overflow_temple_1_default,
          nicolae_qazlal_scattered_showers, chequers_serial_rivers_marsh,
          uniq_maurice
D:9:      layout_roguey, mainiacjoe_overflow_small_starburst, special_room
          [special_room_bee], uniq_joseph
D:10:     layout_gridville, dpeg_oklobed_lair, minmay_orc_entry_temple_small,
          nzn_life_drinkers
D:11:     layout_rooms, minmay_variable_closet, uniq_amaemon
D:12:     gammafunk_jiyva_shrine, layout_stronghold,
          gammafunk_ghost_nasty_kobolds, gauntlet_entry_generic, uniq_azrael
D:13:     layout_stronghold
D:14:     layout_gridville, skrybe_vaults_entry_preservation,
          hangedman_abyss_or_decor_slice, nicolae_straight_to_the_point
D:15:     grunt_enter_depths_snipers, layout_loops_ring,
          nicolae_shop_firing_range, uniq_kirke
Temple:   nicolae_temple_bog_church
Lair:1:   layout_layer_cave, special_room, nicolae_quartered_pool_little,
          gammafunk_lair_bear_cave
Lair:2:   cheibrodos_lair_overgrown_chateau, layout_loops_ring,
          spider_nest_entry_a
Lair:3:   layout_hall_layers, mainiacjoe_swamp_entry_lozenge_pond,
          grunt_megastairs_4, serial_bayou_shore_a
Lair:4:   layout_layer_cave, dpeg_oklob_1
Lair:5:   minmay_lair_end_frog_pond, layout_cellular_growth, slime_entry_1,
          nicolae_lair_liquid_snakes
Swamp:1:  layout_falls_marsh, evilmike_swamp_ruin_house_1,
          nicolae_swamp_tree_isthmus
Swamp:2:  layout_basic_swamp, evilmike_swamp_ruin_house_6
Swamp:3:  layout_falls_marsh, evilmike_swamp_ruin_house_3, uniq_aizul
Swamp:4:  swamp, layout_basic_swamp, swamp_pool_1_2
Spider:1: layout_cave_pods
Spider:2: layout_spider_delve, uniq_arachne, uniq_asterion, uniq_frances
Spider:3: layout_spider_delve
Spider:4: grunt_spider_rune_parallel, nicolae_spider_not_touching_you,
          uniq_bai_suzhen
Orc:1:    layout_diamond_mine, serial_shops, uniq_harold
Orc:2:    hellmonk_orc_salted, layout_caves, serial_shops, shop_fountains,
          nicolae_orc_pool_cavern, abandoned_shop, einodemon_barbed_minivault
Elf:1:    layout_loops_corners, serial_shops, nicolae_lakefront_shop,
          enter_trove_2, basic_altar, minmay_elf_sorcery, uniq_roxanne
Elf:2:    nicolae_elf_blades_crystal_corner, layout_loops_corners
Elf:3:    minmay_elf_hall_quartered_circle, layout_geoelf_octagon
Vaults:1: vaults_room_grunt_arrival_checkpoint, hangedman_vaults_trim,
          nicolae_vaults_doubleplus_tesselated, v_rooms_2,
          ontoclasm_vaults_claustrophobia, nicolae_vaults_storage_room_glass,
          v_misc_23, v_misc_32, grunt_vaults_funnel, vaults_room_grid,
          nicolae_vaults_tetromino_L_2, layout_vaults_omnibox
Vaults:2: mu_enter_wizlab_1, nicolae_vaults_shipping_containers_2,
          v_alt_pattern_6, hangedman_vaults_capsules, ontoclasm_vaults_spin,
          vaults_dpeg_emergency_exit, nicolae_vaults_gold_heap,
          layout_vaults_omnigrid
Vaults:3: ontoclasm_vaults_decontamination, nicolae_vaults_circle_grid_a,
          vaults_dpeg_spiral, nicolae_vaults_surprise_closet,
          minmay_crypt_entry_nasty_monster, ontoclasm_vaults_shout,
          vaults_room_semicircle, nicolae_vaults_mini_display_case,
          nicolae_vaults_diamond_1, layout_vaults_chaotic_city
Vaults:4: nicolae_vaults_swerve, vaults_room_large_hall,
          nicolae_vaults_little_squares_3, v_misc_4, v_alt_pattern_4, v_misc_29,
          nicolae_vaults_hallways_thing, nicolae_vaults_c_with_doors, v_misc_33,
          vaults_mumra_chevron, hangedman_vaults_trim,
          nicolae_vaults_sesquioval_fish, vaults_dpeg_ring,
          vaults_room_semicircle, layout_vaults_maze_snakey
Vaults:5
Crypt:1:  layout_catacombs
Crypt:2:  layout_rooms, basic_altar, uniq_grunn
Crypt:3:  evilmike_haunted_forest
Depths:1: layout_gridlike, grunt_hell_entry_demonic_statue, abyss_entry,
          nicolae_uskayaw_dance_hall, minmay_guarded_unrand_tortoise,
          minmay_shop_star
Depths:2: hangedman_spin_cycle, pan_entry, hell_entry, abyss_entry, uniq_vv
Depths:3: minmay_box_of_statues, layout_cave_pools, pan_entry, abyss_entry,
          nicolae_hell_entry_big_baal_hell, uniq_josephina
Depths:4: grunt_zot_entry_tricorne, layout_gridlike, grunt_decor_junction,
          hangedman_coc_ice_floe, minmay_three_doors, uniq_parghit, uniq_sojobo
Hell
Zot:1:    hellmonk_crystal_mountain, layout_concentric_octagons,
          regret_index_zotdec_golden_two_three, lemuel_golem_globe
Zot:2:    layout_misc_corridors, regret_index_zotdec_zees
Zot:3:    layout_gridlike, regret_index_zotdec_barnacled_simple
Zot:4:    layout_gridlike, nicolae_diode_quadrants
Zot:5:    layout_misc_corridors

Skill      XL: |  1  2  3  4  5  6  7  8  9 10 11 12 13 14 15 16 17 18 19 20 21 22 23 24 25 26 27 |
---------------+----------------------------------------------------------------------------------+-----
Stealth        | 1 4 5 12 14 | 14.3
Unarmed Combat | 4 5 8 9 11 13 15 17 18 19 20 21 22 23 24 25 27 | 27.0
Short Blades   | 1 2 |  2.8
Shapeshifting  | 4 5 6 8 11 14 16 17 18 19 20 21 22 23 24 25 27 | 27.0
Fighting       | 3 5 8 11 13 14 16 18 19 20 21 22 23 24 26 27 | 27.0
Dodging        | 3 5 7 10 21 | 21.9
Long Blades    | 3 |  3.4

Action                     |  1- 3 |  4- 6 |  7- 9 | 10-12 | 13-15 | 16-18 | 19-21 | 22-24 | 25-27 || total
---------------------------+-------+-------+-------+-------+-------+-------+-------+-------+-------++-------
  Melee: Unarmed           |    52 |       |       |   318 |   874 |  1039 |   989 |  1023 |  2135 ||  6430
         Tentacles         |    12 |    17 |    34 |    38 |       |       |       |       |       ||   101
         Constrict         |    10 |    26 |    43 |    31 |       |       |       |       |       ||   110
         Punch             |     2 |     4 |     8 |    20 |    33 |    98 |   145 |   135 |   352 ||   797
         Dagger            |     6 |    99 |   160 |   153 |       |       |       |       |       ||   418
         Short sword       |       |       |       |    18 |       |       |       |       |       ||    18
         Tailslap          |       |       |       |    67 |   126 |   167 |   204 |   183 |   358 ||  1105
         Bite              |       |       |       |    38 |    98 |   124 |   144 |   151 |   274 ||   829
  Throw: Stone             |     5 |       |    11 |       |       |       |       |       |       ||    16
         Throwing net      |       |       |     2 |     2 |       |       |       |       |       ||     4
 Invoke: Call Merchant     |       |       |       |       |     1 |     2 |     2 |       |     3 ||     8
         Potion Petition   |       |       |       |       |       |       |     3 |    16 |     7 ||    26
Ability: Breathe Fire      |       |       |       |       |     2 |       |       |     3 |       ||     5
  Evoke: Wand              |       |     2 |     8 |    22 |     5 |     2 |       |       |     2 ||    41
    Use: Scroll            |     1 |     9 |    12 |     4 |     5 |     6 |     8 |    16 |     2 ||    63
         Potion            |       |     2 |     4 |     9 |     4 |    15 |     7 |    10 |     7 ||    58
   Stab: Sleeping          |    11 |     4 |     6 |     8 |    20 |    11 |    13 |    10 |    30 ||   113
         Distracted        |       |     1 |       |     2 |     6 |    12 |    16 |    10 |    65 ||   112
         Invisible         |       |     1 |     1 |     1 |     1 |       |       |     5 |     1 ||    10
         Held in net/web   |       |       |     1 |     1 |       |       |       |       |       ||     2
         Petrified         |       |       |       |       |     1 |       |       |       |       ||     1
 Armour: Skin              |    20 |    76 |    72 |   184 |   288 |   568 |   402 |   575 |   801 ||  2986
  Dodge: Dodged            |    28 |    77 |   140 |   513 |  1117 |  1730 |   681 |   747 |  1387 ||  6420
  Block: Other             |       |       |       |       |       |       |    47 |   132 |   257 ||   436
         Reflection        |       |       |       |       |       |       |     2 |    13 |     5 ||    20
   Form: Dragon            |       |       |       |     1 |       |       |       |       |       ||     1

Table legend: (Time is in decaauts)
 A = Elapsed time spent in this place.
 B = Non-inter-level travel time spent in this place.
 C = Inter-level travel time spent in this place.
 D = Time resting spent in this place.
 E = Time spent auto-exploring this place.
 F = Levels seen in this place.
 G = Mean time per level.
                   A        B        C        D        E       F      G
               +--------+--------+--------+--------+--------+-----+--------+
         Total |  90509 |  84256 |   6253 |  27539 |  36997 |  58 | 1560.5 |
       Dungeon |  20296 |  17957 |   2339 |   5898 |   8341 |  15 | 1353.1 |
        Temple |     51 |     32 |     19 |      7 |      0 |   1 |   51.0 |
          Lair |   8977 |   8426 |    551 |   2388 |   3686 |   5 | 1795.4 |
         Swamp |   5308 |   5188 |    120 |   2376 |   1945 |   4 | 1327.0 |
   Spider Nest |   6755 |   6537 |    218 |   2993 |   1926 |   4 | 1688.8 |
  Orcish Mines |   2615 |   2202 |    413 |    379 |   1290 |   2 | 1307.5 |
   Elven Halls |   4019 |   3898 |    121 |    800 |   1969 |   3 | 1339.7 |
        Vaults |  13856 |  12876 |    980 |   5095 |   5411 |   5 | 2771.2 |
         Crypt |   4180 |   3933 |    247 |    461 |   2775 |   3 | 1393.3 |
        Depths |   9408 |   8706 |    702 |   3679 |   3515 |   4 | 2352.0 |
          Hell |    923 |    900 |     23 |      3 |    656 |   1 |  923.0 |
           Zot |   7895 |   7380 |    515 |   2532 |   3238 |   5 | 1579.0 |
         Abyss |   4791 |   4791 |      0 |    248 |   2243 |   4 | 1197.8 |
        Wizlab |    959 |    959 |      0 |    530 |      0 |   1 |  959.0 |
      Gauntlet |    470 |    470 |      0 |    145 |      0 |   1 |  470.0 |
               +--------+--------+--------+--------+--------+-----+--------+

Top non-repeatable levels by time:
Depths:2: 3770 daAuts
Vaults:5: 3611 daAuts
Vaults:4: 3302 daAuts
Vaults:1: 2533 daAuts
Vaults:3: 2461 daAuts
Spider:4: 2461 daAuts
Depths:1: 2432 daAuts
 Abyss:1: 2367 daAuts
   Zot:4: 2310 daAuts
  Lair:1: 2229 daAuts
    D:10: 2157 daAuts
     D:9: 2145 daAuts
  Lair:2: 2101 daAuts
   Orc:2: 2072 daAuts
   Zot:5: 2035 daAuts
